 Dungeon Crawl Stone Soup version 0.25-a0-992-gca090100c3 (webtiles) character file.

Game seed: 10614542047996818393, levelgen mode: deterministic

72 Flugslaktarn the Covered (level 4, -4/40 HPs)
             Began as a Minotaur Fighter on May 11, 2020.
             Killed from afar by Blork the orc (11 damage)
             ... with a puff of flame
             ... on level 3 of the Dungeon.
             The game lasted 00:00:20 (763 turns).

Flugslaktarn the Covered (Minotaur Fighter)          Turns: 763, Time: 00:00:20

Health: -4/40      AC:  7    Str: 20    XL:     4   Next: 6%
Magic:  3/3        EV:  7    Int:  5    God:
Gold:   12         SH:  9    Dex: 11    Spells: 3/3 levels left

rFire    . . .     SeeInvis .   a - +0 war axe
rCold    . . .     Gourm    .   c - +0 kite shield
rNeg     . . .     Faith    .   b - +0 scale mail
rPois    .         Spirit   .   (helmet restricted)
rElec    .         Reflect  .   (no cloak)
rCorr    .         Harm     .   (no gloves)
MR       .....                  (no boots)
Stlth    ..........             (no amulet)
HPRegen  0.13/turn              (no ring)
MPRegen  0.08/turn              (no ring)

@: no status effects
A: retaliatory headbutt, horns 2
a: no special abilities


You were on level 3 of the Dungeon.
You were not hungry.

You visited 1 branch of the dungeon, and saw 4 of its levels.

You collected 12 gold pieces.

Inventory:

Hand Weapons
 a - a +0 war axe (weapon)
Armour
 b - a +0 scale mail (worn)
 c - a +0 kite shield (worn)
Scrolls
 f - a scroll of remove curse {unknown}
 g - a scroll of identify {unknown}
 j - a scroll of magic mapping {unknown}
 k - a scroll of enchant armour {unknown}
Potions
 d - a potion of might
 h - a potion of magic {unknown}
 i - 2 potions of mutation {unknown}
 l - a potion of ambrosia {unknown}
Comestibles
 e - 2 rations


   Skills:
 + Level 4.1 Fighting
 * Level 3.9 Axes
 + Level 4.2 Armour
 + Level 4.2 Shields


You had 3 spell levels left.
You didn't know any spells.
Your spell library was empty.

Dungeon Overview and Level Annotations

Branches:
Dungeon (4/15)
 Temple: D:4-7

Altars:

Annotations:
D:3 2 runed translucent doors, Blork the orc; zenki's ghost, amateur DEEE


Innate Abilities, Weirdness & Mutations

You reflexively headbutt those who attack you in melee.
You have a pair of horns on your head.


Message History

Reactivating autopickup.
There is a stone staircase leading down here.
Unknown command.
Unknown command.
Deactivating autopickup; reactivate with Ctrl-A.
You hit something. Something hits you.
* * * LOW HITPOINT WARNING * * *
A hound comes into view.
Something hits you.
* * * LOW HITPOINT WARNING * * *
The hound barks!
You hit something. You headbutt something!
You hear some strange, mumbled words.
A puff of frost appears from out of thin air!
The puff of frost hits you but does no damage.
Your shield prevents you from hitting something.
You hear some strange, mumbled words.
A puff of flame appears from out of thin air!
The puff of flame hits you!
You die...

##.#. #... #.r# #..#
###..## #.)...#
#.)[..#######
#####).....>@...#
#....<)...#####.h..#
#...........# ..#
###++####...# .
...≈≈.W #...#
#..#.⌠≈ #...$.
#≈≈..≈# #...(## ≈
..[. #...## #≈#.#
#...#


You could see a hound.

Vanquished Creatures
  An orc priest (D:3)
  2 adders (D:2)
  A worm (D:2)
  3 orcs (D:3)
  3 giant cockroaches
  A goblin (D:3)
  A hobgoblin (D:3)
  2 kobolds (D:2)
  A ball python skeleton (D:4)
  2 bats (D:2)
  A frilled lizard (D:2)
  A rat (D:2)
19 creatures vanquished.

Notes
Turn   | Place    | Note
-------+----------+-------------------------------------------
     0 | D:1      | Flugslaktarn the Minotaur Fighter began the quest for the
                  | Orb.
     0 | D:1      | Reached XP level 1. HP: 19/19 MP: 0/0
   176 | D:2      | Reached XP level 2. HP: 20/27 MP: 1/1
   585 | D:2      | Reached XP level 3. HP: 28/33 MP: 2/2
   616 | D:3      | Found a large runed translucent door.
   616 | D:3      | Found a large runed translucent door.
   616 | D:3      | Noticed zenki's ghost (amateur DEEE)
   631 | D:3      | Reached XP level 4. HP: 13/40 MP: 3/3
   752 | D:4      | Noticed Blork the orc
   763 | D:3      | Killed from afar by Blork the orc

Illustrated notes

Levels and vault maps discovered:
D:1:      dpeg_arrival_simpleton_b, layout_loops_corners
D:2:      layout_basic, first_ration, roderic_serpentine_path,
          amethyst_killhole, serial_bayou_lagoon_a, minivault_14,
          xom_redecorated
D:3:      layout_rooms, ebering_ghost_disaster_area, grunt_decor_one_mirror
D:4:      layout_basic, vehumet_altar_wand_db, nicolae_overflow_crystal_walls,
          cheibrodos_ashenzari_chains, kennysheep_mini, uniq_blork_the_orc,
          uniq_menkaure

Skill      XL: |  1  2  3 |
---------------+----------+-----
Axes           | 3 |  3.9
Shields        | 4 |  4.2
Fighting       | 4 |  4.1
Armour         | 4 |  4.2

Action                   |  1- 3 |  4- 6 || total
-------------------------+-------+-------++-------
Melee: War axe           |    38 |    10 ||    48
       Headbutt          |     4 |     2 ||     6
Armor: Scale mail        |    24 |    11 ||    35
Dodge: Dodged            |    15 |       ||    15
Block: Kite shield       |    20 |     4 ||    24

Table legend:
 A = Non-vault XP
 B = Vault XP
 C = Vault XP percentage of total XP
 D = Non-vault monster count
 E = Vault monster count
 F = Vault count percentage of total count
                 A         B        C        D         E       F
            +---------+---------+-------+---------+---------+-------
      Total |     103 |       0 |   0.0 |      19 |       0 |   0.0
            +---------+---------+-------+---------+---------+-------
        D:2 |      44 |       0 |   0.0 |      10 |       0 |   0.0
        D:3 |      56 |       0 |   0.0 |       7 |       0 |   0.0
        D:4 |       3 |       0 |   0.0 |       2 |       0 |   0.0
            +---------+---------+-------+---------+---------+-------
